Workbook

Sheet MEDIÇÃO 4
A1: PREFEITURA MUNICIPAL DE SO ROQUE DO CANA Estado do Esprito Santo SECRETARIA MUNICIPAL DE OBRAS E SERVIÇOS URBANOS – SETOR DE ENGENHARIA
A13: BOLETIM DE | H13: =L18 -> MEDIÇÃO 04 | N13: DATA: 18/06/2025
A14: Obra: REFORMA E AMPLIAÇÃO DA ‘’EMEI SÃO ROQUE’’, NESTE MUNICÍPIO. | D14: CONTRATO Nº: | I14: 164/2024 | K14: Assinatura: 18/12/2024 | N14: INÍCIO: | P14: 45659
N15: TÉRMINO: | P15: 45840
A16: LOCAL: RUA LOURENÇO ROLDI, N° 436, BAIRRO SÃO ROQUINHO, SÃO ROQUE DO CANAÃ | D16: PERÍODO: | I16: 45762 | K16: a | L16: 45820 | N16: PRAZO: | P16: 90 DIAS
A17: EMPREITEIRA: MENDONÇA CONSTRUÇÕES LTDA | I17: =L18 -> MEDIÇÃO 04 | L17: =O305 -> 118603.08 | N17: % MÊS: | O17: =K305 -> 0.19706932 | P17: % ACUM: | Q17: =K306 -> 0.6881874
A18: ITEM | B18: ESPECIFICAÇÃO | C18: UNID. | D18: QUANT. | E18: 1º REPLANILHAMENTO | H18: PREÇO UNIT R$ | I18: ACUMULADO ANTERIOR | L18: MEDIÇÃO 04 | O18: TOTAL MEDIDO
E19: ACRÉSCIMO | F19: DECRÉSCIMO | G19: QUANT. ATUALIZADA | I19: QUANT. | J19: TOTAL | K19: % | L19: QUANT. | M19: TOTAL | N19: % | O19: QUANT. | P19: TOTAL | Q19: %
A20: 1 | B20: INSTALAÇÃO DO CANTEIRO DE OBRAS | M20: =SUM(M21:M23) -> 0 | P20: =SUM(P21:P23) -> 2339.1127
A21: 1.1 | B21: Placa de obra nas dimensões de 2.0 x 4.0 m, padrão DER | C21: m2 | D21: 8 | E21: 0 | G21: =D21+E21-F21 -> 8 | H21: 254.81764 | I21: 8 | J21: =I21*H21 -> 2038.5411 | K21: =I21/G21 -> 1 | L21: =IFERROR(VLOOKUP(A21,'MEMO CALCULO 04'!$B$2:$E$504,4,0),0) -> 0 | M21: =L21*H21 -> 0 | N21: =L21/G21 -> 0 | O21: =I21+L21 -> 8 | P21: =J21+M21 -> 2038.5411 | Q21: =K21+N21 -> 1
A22: 1.2 | B22: Tapume Telha Metálica Ondulada em aço galvalume 0,50mm Branca h=2,20m, incl. montagem estr. mad. 8"x8", c/adesivo "DER-ES" 60x60cm a cada 10m, incl. faixas pint. esmalte sint. cores azul c/ h=30cm e rosa c/ h=10cm (Reaproveitamento 2x) | C22: m | D22: 0 | E22: 0 | G22: =D22+E22-F22 -> 0 | H22: 158.56243 | I22: 0 | J22: =I22*H22 -> 0 | K22: 0 | L22: =IFERROR(VLOOKUP(A22,'MEMO CALCULO 04'!$B$2:$E$504,4,0),0) -> 0 | M22: =L22*H22 -> 0 | N22: 0 | O22: =I22+L22 -> 0 | P22: =J22+M22 -> 0 | Q22: =K22+N22 -> 0
A23: 1.3 | B23: Locação de andaime metálico para trabalho em fachada de edifíco (aluguel de 1 m² por 1 mês) inclusive frete, montagem e desmontagem | C23: m2 | D23: 12.25 | E23: 0 | G23: =D23+E23-F23 -> 12.25 | H23: 24.536456 | I23: 12.25 | J23: =I23*H23 -> 300.57159 | K23: =I23/G23 -> 1 | L23: =IFERROR(VLOOKUP(A23,'MEMO CALCULO 04'!$B$2:$E$504,4,0),0) -> 0 | M23: =L23*H23 -> 0 | N23: =L23/G23 -> 0 | O23: =I23+L23 -> 12.25 | P23: =J23+M23 -> 300.57159 | Q23: =K23+N23 -> 1
A24: 2 | B24: SERVIÇOS PRELIMINARES | M24: =SUM(M25:M50) -> 1073.5099 | P24: =SUM(P25:P50) -> 2978.1946
A25: 2.1 | B25: Demolição de revestimento com azulejos | C25: m2 | D25: 8.11 | E25: 0 | G25: =D25+E25-F25 -> 8.11 | H25: 52.241252 | I25: 0.12 | J25: =I25*H25 -> 6.2689502 | K25: =I25/G25 -> 0.014796547 | L25: =IFERROR(VLOOKUP(A25,'MEMO CALCULO 04'!$B$2:$E$504,4,0),0) -> 0 | M25: =L25*H25 -> 0 | N25: =L25/G25 -> 0 | O25: =I25+L25 -> 0.12 | P25: =J25+M25 -> 6.2689502 | Q25: =K25+N25 -> 0.014796547
A26: 2.2 | B26: Lixamento de parede com pintura antiga PVA para recebimento de nova camada de tinta | C26: m2 | D26: 0 | E26: 0 | G26: =D26+E26-F26 -> 0 | H26: 3.926664 | I26: 0 | J26: =I26*H26 -> 0 | K26: 0 | L26: =IFERROR(VLOOKUP(A26,'MEMO CALCULO 04'!$B$2:$E$504,4,0),0) -> 0 | M26: =L26*H26 -> 0 | N26: 0 | O26: =I26+L26 -> 0 | P26: =J26+M26 -> 0 | Q26: =K26+N26 -> 0
A27: 2.3 | B27: Demolição de piso revestido com cerâmica | C27: m2 | D27: 0 | E27: 0 | G27: =D27+E27-F27 -> 0 | H27: 14.626304 | I27: 0 | J27: =I27*H27 -> 0 | K27: 0 | L27: =IFERROR(VLOOKUP(A27,'MEMO CALCULO 04'!$B$2:$E$504,4,0),0) -> 0 | M27: =L27*H27 -> 0 | N27: 0 | O27: =I27+L27 -> 0 | P27: =J27+M27 -> 0 | Q27: =K27+N27 -> 0
A28: 2.4 | B28: Retirada de grades, gradis, alambrados, cercas e portões | C28: m2 | D28: 0 | E28: 0 | G28: =D28+E28-F28 -> 0 | H28: 18.417924 | I28: 0 | J28: =I28*H28 -> 0 | K28: 0 | L28: =IFERROR(VLOOKUP(A28,'MEMO CALCULO 04'!$B$2:$E$504,4,0),0) -> 0 | M28: =L28*H28 -> 0 | N28: 0 | O28: =I28+L28 -> 0 | P28: =J28+M28 -> 0 | Q28: =K28+N28 -> 0
A29: 2.5 | B29: Retirada de revestimento antigo em reboco | C29: m2 | D29: 50.99 | E29: 83.525 | G29: =D29+E29-F29 -> 134.515 | H29: 10.450328 | I29: 0 | J29: =I29*H29 -> 0 | K29: =I29/G29 -> 0 | L29: =IFERROR(VLOOKUP(A29,'MEMO CALCULO 04'!$B$2:$E$504,4,0),0) -> 83.525 | M29: =L29*H29 -> 872.86365 | N29: =L29/G29 -> 0.62093447 | O29: =I29+L29 -> 83.525 | P29: =J29+M29 -> 872.86365 | Q29: =K29+N29 -> 0.62093447
A30: 2.6 | B30: Retirada de portas e janelas de madeira, inclusive batentes | C30: m2 | D30: 0 | E30: 0 | G30: =D30+E30-F30 -> 0 | H30: 16.714292 | I30: 0 | J30: =I30*H30 -> 0 | K30: 0 | L30: =IFERROR(VLOOKUP(A30,'MEMO CALCULO 04'!$B$2:$E$504,4,0),0) -> 0 | M30: =L30*H30 -> 0 | N30: 0 | O30: =I30+L30 -> 0 | P30: =J30+M30 -> 0 | Q30: =K30+N30 -> 0
A31: 2.7 | B31: Retirada de esquadrias metálicas | C31: m2 | D31: 0 | E31: 0 | G31: =D31+E31-F31 -> 0 | H31: 10.450328 | I31: 0 | J31: =I31*H31 -> 0 | K31: 0 | L31: =IFERROR(VLOOKUP(A31,'MEMO CALCULO 04'!$B$2:$E$504,4,0),0) -> 0 | M31: =L31*H31 -> 0 | N31: 0 | O31: =I31+L31 -> 0 | P31: =J31+M31 -> 0 | Q31: =K31+N31 -> 0
A32: 2.8 | B32: Retirada de aparelhos sanitários | C32: und | D32: 0 | E32: 0 | G32: =D32+E32-F32 -> 0 | H32: 21.60704 | I32: 0 | J32: =I32*H32 -> 0 | K32: 0 | L32: =IFERROR(VLOOKUP(A32,'MEMO CALCULO 04'!$B$2:$E$504,4,0),0) -> 0 | M32: =L32*H32 -> 0 | N32: 0 | O32: =I32+L32 -> 0 | P32: =J32+M32 -> 0 | Q32: =K32+N32 -> 0
A33: 2.9 | B33: Retirada de torneiras e registros | C33: und | D33: 0 | E33: 0 | G33: =D33+E33-F33 -> 0 | H33: 11.187876 | I33: 0 | J33: =I33*H33 -> 0 | K33: 0 | L33: =IFERROR(VLOOKUP(A33,'MEMO CALCULO 04'!$B$2:$E$504,4,0),0) -> 0 | M33: =L33*H33 -> 0 | N33: 0 | O33: =I33+L33 -> 0 | P33: =J33+M33 -> 0 | Q33: =K33+N33 -> 0
A34: 2.10 | B34: Retirada de rodapé de madeira ou cerâmica | C34: m | D34: 0 | E34: 0 | G34: =D34+E34-F34 -> 0 | H34: 2.430792 | I34: 0 | J34: =I34*H34 -> 0 | K34: 0 | L34: =IFERROR(VLOOKUP(A34,'MEMO CALCULO 04'!$B$2:$E$504,4,0),0) -> 0 | M34: =L34*H34 -> 0 | N34: 0 | O34: =I34+L34 -> 0 | P34: =J34+M34 -> 0 | Q34: =K34+N34 -> 0
A35: 2.11 | B35: Demolição de alvenaria | C35: m3 | D35: 0.3 | E35: 0 | G35: =D35+E35-F35 -> 0.3 | H35: 62.69158 | I35: 0 | J35: =I35*H35 -> 0 | K35: 0 | L35: =IFERROR(VLOOKUP(A35,'MEMO CALCULO 04'!$B$2:$E$504,4,0),0) -> 0 | M35: =L35*H35 -> 0 | N35: =L35/G35 -> 0 | O35: =I35+L35 -> 0 | P35: =J35+M35 -> 0 | Q35: =K35+N35 -> 0
A36: 2.12 | B36: Retirada de bancada de pia | C36: m2 | D36: 0 | E36: 0 | G36: =D36+E36-F36 -> 0 | H36: 25.928448 | I36: 0 | J36: =I36*H36 -> 0 | K36: 0 | L36: =IFERROR(VLOOKUP(A36,'MEMO CALCULO 04'!$B$2:$E$504,4,0),0) -> 0 | M36: =L36*H36 -> 0 | N36: 0 | O36: =I36+L36 -> 0 | P36: =J36+M36 -> 0 | Q36: =K36+N36 -> 0
A37: 2.13 | B37: Retirada de caixas/quadros elétricos | C37: und | D37: 0 | E37: 0 | G37: =D37+E37-F37 -> 0 | H37: 15.519672 | I37: 0 | J37: =I37*H37 -> 0 | K37: 0 | L37: =IFERROR(VLOOKUP(A37,'MEMO CALCULO 04'!$B$2:$E$504,4,0),0) -> 0 | M37: =L37*H37 -> 0 | N37: 0 | O37: =I37+L37 -> 0 | P37: =J37+M37 -> 0 | Q37: =K37+N37 -> 0
A38: 2.14 | B38: Remoção de telhas cerâmicas, tipo colonial, inclusive cumeeiras | C38: m2 | D38: 0 | E38: 0 | G38: =D38+E38-F38 -> 0 | H38: 24.951976 | I38: 0 | J38: =I38*H38 -> 0 | K38: 0 | L38: =IFERROR(VLOOKUP(A38,'MEMO CALCULO 04'!$B$2:$E$504,4,0),0) -> 0 | M38: =L38*H38 -> 0 | N38: 0 | O38: =I38+L38 -> 0 | P38: =J38+M38 -> 0 | Q38: =K38+N38 -> 0
A39: 2.15 | B39: Demolição manual de concreto simples (EMOP 05.001.001) | C39: m3 | D39: 0.0045 | E39: 0 | G39: =D39+E39-F39 -> 0.0045 | H39: 294.68678 | I39: 0 | J39: =I39*H39 -> 0 | K39: =I39/G39 -> 0 | L39: =IFERROR(VLOOKUP(A39,'MEMO CALCULO 04'!$B$2:$E$504,4,0),0) -> 0 | M39: =L39*H39 -> 0 | N39: =L39/G39 -> 0 | O39: =I39+L39 -> 0 | P39: =J39+M39 -> 0 | Q39: =K39+N39 -> 0
A40: 2.16 | B40: Remoção de pintura antiga a óleo ou esmalte | C40: m2 | D40: 7.1 | E40: 0 | G40: =D40+E40-F40 -> 7.1 | H40: 13.888756 | I40: 0 | J40: =I40*H40 -> 0 | K40: =I40/G40 -> 0 | L40: =IFERROR(VLOOKUP(A40,'MEMO CALCULO 04'!$B$2:$E$504,4,0),0) -> 0 | M40: =L40*H40 -> 0 | N40: =L40/G40 -> 0 | O40: =I40+L40 -> 0 | P40: =J40+M40 -> 0 | Q40: =K40+N40 -> 0
A41: 2.17 | B41: Apicoamento de superfície com revestimento em argamassa | C41: m2 | D41: 108.32 | E41: 0 | G41: =D41+E41-F41 -> 108.32 | H41: 10.450328 | I41: 0 | J41: =I41*H41 -> 0 | K41: =I41/G41 -> 0 | L41: =IFERROR(VLOOKUP(A41,'MEMO CALCULO 04'!$B$2:$E$504,4,0),0) -> 19.2 | M41: =L41*H41 -> 200.6463 | N41: =L41/G41 -> 0.17725258 | O41: =I41+L41 -> 19.2 | P41: =J41+M41 -> 200.6463 | Q41: =K41+N41 -> 0.17725258
A42: 2.18 | B42: Remoção de pintura antiga a base de óleo ou esmalte sobre esquadrias | C42: m2 | D42: 55.35 | E42: 0 | G42: =D42+E42-F42 -> 55.35 | H42: 20.329316 | I42: 50.4 | J42: =I42*H42 -> 1024.5975 | K42: =I42/G42 -> 0.91056911 | L42: =IFERROR(VLOOKUP(A42,'MEMO CALCULO 04'!$B$2:$E$504,4,0),0) -> 0 | M42: =L42*H42 -> 0 | N42: =L42/G42 -> 0 | O42: =I42+L42 -> 50.4 | P42: =J42+M42 -> 1024.5975 | Q42: =K42+N42 -> 0.91056911
A43: 2.19 | B43: Retirada de pontos elétricos (luminárias, interruptores e tomadas) | C43: und | D43: 0 | E43: 0 | G43: =D43+E43-F43 -> 0 | H43: 11.187876 | I43: 0 | J43: =I43*H43 -> 0 | K43: 0 | L43: =IFERROR(VLOOKUP(A43,'MEMO CALCULO 04'!$B$2:$E$504,4,0),0) -> 0 | M43: =L43*H43 -> 0 | N43: 0 | O43: =I43+L43 -> 0 | P43: =J43+M43 -> 0 | Q43: =K43+N43 -> 0
A44: 2.20 | B44: Retirada de tanque de cimento | C44: und | D44: 0 | E44: 0 | G44: =D44+E44-F44 -> 0 | H44: 25.928448 | I44: 0 | J44: =I44*H44 -> 0 | K44: 0 | L44: =IFERROR(VLOOKUP(A44,'MEMO CALCULO 04'!$B$2:$E$504,4,0),0) -> 0 | M44: =L44*H44 -> 0 | N44: 0 | O44: =I44+L44 -> 0 | P44: =J44+M44 -> 0 | Q44: =K44+N44 -> 0
A45: 2.21 | B45: Reassentamento de paralelepípedos, rejuntamento com argamassa, com reaproveitamento dos paralelepípedos - incluso retirada e colocação do material. | C45: m2 | D45: 6 | E45: 0 | G45: =D45+E45-F45 -> 6 | H45: 53.318947 | I45: 0 | J45: =I45*H45 -> 0 | K45: =I45/G45 -> 0 | L45: =IFERROR(VLOOKUP(A45,'MEMO CALCULO 04'!$B$2:$E$504,4,0),0) -> 0 | M45: =L45*H45 -> 0 | N45: =L45/G45 -> 0 | O45: =I45+L45 -> 0 | P45: =J45+M45 -> 0 | Q45: =K45+N45 -> 0
A46: 2.22 | B46: Remoção de luminárias, de forma manual, sem reaproveitamento | C46: und | D46: 0 | E46: 0 | G46: =D46+E46-F46 -> 0 | H46: 1.5665104 | I46: 0 | J46: =I46*H46 -> 0 | K46: 0 | L46: =IFERROR(VLOOKUP(A46,'MEMO CALCULO 04'!$B$2:$E$504,4,0),0) -> 0 | M46: =L46*H46 -> 0 | N46: 0 | O46: =I46+L46 -> 0 | P46: =J46+M46 -> 0 | Q46: =K46+N46 -> 0
A47: 2.23 | B47: Remoção de interruptores/tomadas elétricas, de forma manual, sem reaproveitamento | C47: und | D47: 0 | E47: 0 | G47: =D47+E47-F47 -> 0 | H47: 0.5827668 | I47: 0 | J47: =I47*H47 -> 0 | K47: 0 | L47: =IFERROR(VLOOKUP(A47,'MEMO CALCULO 04'!$B$2:$E$504,4,0),0) -> 0 | M47: =L47*H47 -> 0 | N47: 0 | O47: =I47+L47 -> 0 | P47: =J47+M47 -> 0 | Q47: =K47+N47 -> 0
A48: 2.24 | B48: Remoção de ventilador | C48: und | D48: 0 | E48: 0 | G48: =D48+E48-F48 -> 0 | H48: 4.7462772 | I48: 0 | J48: =I48*H48 -> 0 | K48: 0 | L48: =IFERROR(VLOOKUP(A48,'MEMO CALCULO 04'!$B$2:$E$504,4,0),0) -> 0 | M48: =L48*H48 -> 0 | N48: 0 | O48: =I48+L48 -> 0 | P48: =J48+M48 -> 0 | Q48: =K48+N48 -> 0
A49: 2.25 | B49: Remoção de grelha para ralo | C49: und | D49: 0 | E49: 0 | G49: =D49+E49-F49 -> 0 | H49: 2.7611304 | I49: 0 | J49: =I49*H49 -> 0 | K49: 0 | L49: =IFERROR(VLOOKUP(A49,'MEMO CALCULO 04'!$B$2:$E$504,4,0),0) -> 0 | M49: =L49*H49 -> 0 | N49: 0 | O49: =I49+L49 -> 0 | P49: =J49+M49 -> 0 | Q49: =K49+N49 -> 0
A50: 2.26 | B50: Lixamento manual em superfícies metálicas em obra | C50: m2 | D50: 115.68 | E50: 0 | G50: =D50+E50-F50 -> 115.68 | H50: 8.8640516 | I50: 98.58 | J50: =I50*H50 -> 873.81821 | K50: =I50/G50 -> 0.85217842 | L50: =IFERROR(VLOOKUP(A50,'MEMO CALCULO 04'!$B$2:$E$504,4,0),0) -> 0 | M50: =L50*H50 -> 0 | N50: =L50/G50 -> 0 | O50: =I50+L50 -> 98.58 | P50: =J50+M50 -> 873.81821 | Q50: =K50+N50 -> 0.85217842
A51: 3 | B51: INFRAESTRUTURA | M51: =SUM(M52:M60) -> 4001.2143 | P51: =SUM(P52:P60) -> 4001.2143
A52: 3.1.1 | B52: Escavação manual em material de 1a. categoria, até 1.50 m de profundidade | C52: m3 | D52: 3.72 | E52: 0.7878 | G52: =D52+E52-F52 -> 4.5078 | H52: 59.855656 | I52: 0 | J52: =I52*H52 -> 0 | K52: =I52/G52 -> 0 | L52: =IFERROR(VLOOKUP(A52,'MEMO CALCULO 04'!$B$2:$E$504,4,0),0) -> 0.7878 | M52: =L52*H52 -> 47.154286 | N52: =L52/G52 -> 0.17476374 | O52: =I52+L52 -> 0.7878 | P52: =J52+M52 -> 47.154286 | Q52: =K52+N52 -> 0.17476374
A53: 3.1.2 | B53: Pintura impermeabilizante com igolflex ou equivalente a 3 demãos | C53: m2 | D53: 12.51 | E53: 0 | G53: =D53+E53-F53 -> 12.51 | H53: 45.582544 | I53: 0 | J53: =I53*H53 -> 0 | K53: =I53/G53 -> 0 | L53: =IFERROR(VLOOKUP(A53,'MEMO CALCULO 04'!$B$2:$E$504,4,0),0) -> 12.51 | M53: =L53*H53 -> 570.23763 | N53: =L53/G53 -> 1 | O53: =I53+L53 -> 12.51 | P53: =J53+M53 -> 570.23763 | Q53: =K53+N53 -> 1
A54: 3.1.3 | B54: Fornecimento, preparo e aplicação de concreto magro com consumo mínimo de cimento de 250 kg/m3 (brita 1 e 2) - (5% de perdas já incluído no custo) | C54: m3 | D54: 0.22 | E54: 0 | G54: =D54+E54-F54 -> 0.22 | H54: 692.03817 | I54: 0 | J54: =I54*H54 -> 0 | K54: =I54/G54 -> 0 | L54: =IFERROR(VLOOKUP(A54,'MEMO CALCULO 04'!$B$2:$E$504,4,0),0) -> 0.22 | M54: =L54*H54 -> 152.2484 | N54: =L54/G54 -> 1 | O54: =I54+L54 -> 0.22 | P54: =J54+M54 -> 152.2484 | Q54: =K54+N54 -> 1
A55: 3.1.4 | B55: Fôrma de tábua de madeira de 2.5 x 30.0 cm para fundações, levando-se em conta a utilização 5 vezes (incluido o material, corte, montagem, escoramento e desforma) | C55: m2 | D55: 12.51 | E55: 7.88 | G55: =D55+E55-F55 -> 20.39 | H55: 86.313892 | I55: 0 | J55: =I55*H55 -> 0 | K55: =I55/G55 -> 0 | L55: =IFERROR(VLOOKUP(A55,'MEMO CALCULO 04'!$B$2:$E$504,4,0),0) -> 7.88 | M55: =L55*H55 -> 680.15347 | N55: =L55/G55 -> 0.38646395 | O55: =I55+L55 -> 7.88 | P55: =J55+M55 -> 680.15347 | Q55: =K55+N55 -> 0.38646395
A56: 3.1.5 | B56: Fornecimento, preparo e aplicação de concreto Fck=25 MPa (brita 1 e 2) - (5% de perdas já incluído no custo) | C56: m3 | D56: 1.54 | E56: 1.1878 | G56: =D56+E56-F56 -> 2.7278 | H56: 758.4071 | I56: 0 | J56: =I56*H56 -> 0 | K56: =I56/G56 -> 0 | L56: =IFERROR(VLOOKUP(A56,'MEMO CALCULO 04'!$B$2:$E$504,4,0),0) -> 2.7278 | M56: =L56*H56 -> 2068.7829 | N56: =L56/G56 -> 1 | O56: =I56+L56 -> 2.7278 | P56: =J56+M56 -> 2068.7829 | Q56: =K56+N56 -> 1
A57: 3.1.6 | B57: Fornecimento, dobragem e colocação em fôrma, de armadura CA-50 A média, diâmetro de 6.3 a 10.0 mm | C57: kg | D57: 103.62 | E57: 32.40484 | G57: =D57+E57-F57 -> 136.02484 | H57: 11.79038 | I57: 0 | J57: =I57*H57 -> 0 | K57: =I57/G57 -> 0 | L57: =IFERROR(VLOOKUP(A57,'MEMO CALCULO 04'!$B$2:$E$504,4,0),0) -> 32.40484 | M57: =L57*H57 -> 382.06538 | N57: =L57/G57 -> 0.23822737 | O57: =I57+L57 -> 32.40484 | P57: =J57+M57 -> 382.06538 | Q57: =K57+N57 -> 0.23822737
A58: 3.1.7 | B58: Fornecimento, dobragem e colocação em fôrma, de armadura CA-60 B fina, diâmetro de 4.0 a 7.0mm | C58: kg | D58: 22.33 | E58: 8.014552 | G58: =D58+E58-F58 -> 30.344552 | H58: 12.548704 | I58: 0 | J58: =I58*H58 -> 0 | K58: =I58/G58 -> 0 | L58: =IFERROR(VLOOKUP(A58,'MEMO CALCULO 04'!$B$2:$E$504,4,0),0) -> 8.014552 | M58: =L58*H58 -> 100.57224 | N58: =L58/G58 -> 0.26411832 | O58: =I58+L58 -> 8.014552 | P58: =J58+M58 -> 100.57224 | Q58: =K58+N58 -> 0.26411832
A59: 3.1.8 | B59: Aterro com areia em áreas de calçada, inclusive fornecimento e adensamento | C59: m3 | D59: 0 | E59: 0 | G59: =D59+E59-F59 -> 0 | H59: 189.09276 | I59: 0 | J59: =I59*H59 -> 0 | K59: 0 | L59: =IFERROR(VLOOKUP(A59,'MEMO CALCULO 04'!$B$2:$E$504,4,0),0) -> 0 | M59: =L59*H59 -> 0 | N59: 0 | O59: =I59+L59 -> 0 | P59: =J59+M59 -> 0 | Q59: =K59+N59 -> 0
A60: 3.1.9 | B60: Reaterro apiloado de cavas de fundação, em camadas de 20 cm | C60: m3 | D60: 0 | E60: 0 | G60: =D60+E60-F60 -> 0 | H60: 64.467928 | I60: 0 | J60: =I60*H60 -> 0 | K60: 0 | L60: =IFERROR(VLOOKUP(A60,'MEMO CALCULO 04'!$B$2:$E$504,4,0),0) -> 0 | M60: =L60*H60 -> 0 | N60: 0 | O60: =I60+L60 -> 0 | P60: =J60+M60 -> 0 | Q60: =K60+N60 -> 0
A61: 4 | B61: SUPERESTRUTURA | M61: =SUM(M62:M70) -> 5667.7586 | P61: =SUM(P62:P70) -> 5667.7586
A62: 4.1 | B62: Fôrma em chapa de madeira compensada plastificada 12mm para estrutura em geral, 5 reaproveitamentos, reforçada com sarrafos de madeira 2.5x10cm (incl material, corte, montagem, escoras em eucalipto e desforma) | C62: m2 | D62: 18.8 | E62: 13.02 | G62: =D62+E62-F62 -> 31.82 | H62: 106.27963 | I62: 0 | J62: =I62*H62 -> 0 | K62: =I62/G62 -> 0 | L62: =IFERROR(VLOOKUP(A62,'MEMO CALCULO 04'!$B$2:$E$504,4,0),0) -> 31.36 | M62: =L62*H62 -> 3332.9291 | N62: =L62/G62 -> 0.98554368 | O62: =I62+L62 -> 31.36 | P62: =J62+M62 -> 3332.9291 | Q62: =K62+N62 -> 0.98554368
A63: 4.2 | B63: Fornecimento, dobragem e colocação em fôrma, de armadura CA-50 A média, diâmetro de 6.3 a 10.0 mm | C63: kg | D63: 75.52 | E63: 46.89 | G63: =D63+E63-F63 -> 122.41 | H63: 11.79038 | I63: 0 | J63: =I63*H63 -> 0 | K63: =I63/G63 -> 0 | L63: =IFERROR(VLOOKUP(A63,'MEMO CALCULO 04'!$B$2:$E$504,4,0),0) -> 46.89 | M63: =L63*H63 -> 552.85092 | N63: =L63/G63 -> 0.38305694 | O63: =I63+L63 -> 46.89 | P63: =J63+M63 -> 552.85092 | Q63: =K63+N63 -> 0.38305694
A64: 4.3 | B64: Fornecimento, dobragem e colocação em fôrma, de armadura CA-60 B fina, diâmetro de 4.0 a 7.0mm | C64: kg | D64: 46.77 | E64: 10.19 | G64: =D64+E64-F64 -> 56.96 | H64: 12.548704 | I64: 0 | J64: =I64*H64 -> 0 | K64: =I64/G64 -> 0 | L64: =IFERROR(VLOOKUP(A64,'MEMO CALCULO 04'!$B$2:$E$504,4,0),0) -> 10.19 | M64: =L64*H64 -> 127.87129 | N64: =L64/G64 -> 0.17889747 | O64: =I64+L64 -> 10.19 | P64: =J64+M64 -> 127.87129 | Q64: =K64+N64 -> 0.17889747
A65: 4.4 | B65: Fornecimento, preparo e aplicação de concreto Fck=25 MPa (brita 1 e 2) - (5% de perdas já incluído no custo) | C65: m3 | D65: 1.03 | E65: 0.86 | G65: =D65+E65-F65 -> 1.89 | H65: 875.189 | I65: 0 | J65: =I65*H65 -> 0 | K65: =I65/G65 -> 0 | L65: =IFERROR(VLOOKUP(A65,'MEMO CALCULO 04'!$B$2:$E$504,4,0),0) -> 1.89 | M65: =L65*H65 -> 1654.1072 | N65: =L65/G65 -> 1 | O65: =I65+L65 -> 1.89 | P65: =J65+M65 -> 1654.1072 | Q65: =K65+N65 -> 1
A66: 4.5 | B66: Laje pré-fabricada treliçada, sobrecarga 300 Kg/m2, vão de 3.5m a 4.3m, capeamento 4cm, esp. 12cm, Fck = 150 Kg/cm2 | C66: m2 | D66: 0 | E66: 0 | G66: =D66+E66-F66 -> 0 | H66: 142.61685 | I66: 0 | J66: =I66*H66 -> 0 | K66: 0 | L66: =IFERROR(VLOOKUP(A66,'MEMO CALCULO 04'!$B$2:$E$504,4,0),0) -> 0 | M66: =L66*H66 -> 0 | N66: 0 | O66: =I66+L66 -> 0 | P66: =J66+M66 -> 0 | Q66: =K66+N66 -> 0
A67: 4.6 | B67: Aterro manual para regularização do terreno em areia, inclusive adensamento hidráulico e fornecimento do material (máximo de 100m3) | C67: m3 | D67: 0 | E67: 0 | G67: =D67+E67-F67 -> 0 | H67: 212.80857 | I67: 0 | J67: =I67*H67 -> 0 | K67: 0 | L67: =IFERROR(VLOOKUP(A67,'MEMO CALCULO 04'!$B$2:$E$504,4,0),0) -> 0 | M67: =L67*H67 -> 0 | N67: 0 | O67: =I67+L67 -> 0 | P67: =J67+M67 -> 0 | Q67: =K67+N67 -> 0
A68: 4.7 | B68: Lastro impermeabilizado de concreto não estrutural, espessura de 6 cm | C68: m2 | D68: 0 | E68: 0 | G68: =D68+E68-F68 -> 0 | H68: 66.036516 | I68: 0 | J68: =I68*H68 -> 0 | K68: 0 | L68: =IFERROR(VLOOKUP(A68,'MEMO CALCULO 04'!$B$2:$E$504,4,0),0) -> 0 | M68: =L68*H68 -> 0 | N68: 0 | O68: =I68+L68 -> 0 | P68: =J68+M68 -> 0 | Q68: =K68+N68 -> 0
A69: 4.8 | B69: Fornecimento e assentamento de ladrilho hidráulico pastilhado, vermelho, dim. 20x20 cm, esp. 1.5cm, assentado com pasta de cimento colante, exclusive regularização e lastro | C69: m2 | D69: 0.08 | E69: 0 | G69: =D69+E69-F69 -> 0.08 | H69: 87.279976 | I69: 0 | J69: =I69*H69 -> 0 | K69: =I69/G69 -> 0 | L69: =IFERROR(VLOOKUP(A69,'MEMO CALCULO 04'!$B$2:$E$504,4,0),0) -> 0 | M69: =L69*H69 -> 0 | N69: =L69/G69 -> 0 | O69: =I69+L69 -> 0 | P69: =J69+M69 -> 0 | Q69: =K69+N69 -> 0
A70: 4.9 | B70: Execução de passeio em piso intertravado, com bloco 16 faces de 22 x 11 cm, espessura 6 cm | C70: m2 | D70: 0 | E70: 0 | G70: =D70+E70-F70 -> 0 | H70: 85.832212 | I70: 0 | J70: =I70*H70 -> 0 | K70: 0 | L70: =IFERROR(VLOOKUP(A70,'MEMO CALCULO 04'!$B$2:$E$504,4,0),0) -> 0 | M70: =L70*H70 -> 0 | N70: 0 | O70: =I70+L70 -> 0 | P70: =J70+M70 -> 0 | Q70: =K70+N70 -> 0
A71: 5. | B71: PAREDES E PAINÉIS | M71: =SUM(M72:M79) -> 20697.135 | P71: =SUM(P72:P79) -> 37265.299
A72: 5.1 | B72: Alvenaria de blocos cerâmicos 10 furos 10x20x20cm, assentados c/argamassa de cimento, cal hidratada CH1 e areia traço 1:0,5:8, esp. das juntas 12mm e esp. das paredes s/revestimento, 10cm (bloco comprado na fábrica, posto obra) | C72: m2 | D72: 8.2 | E72: 28.19 | G72: =D72+E72-F72 -> 36.39 | H72: 70.8981 | I72: 4.9 | J72: =I72*H72 -> 347.40069 | K72: =I72/G72 -> 0.13465238 | L72: =IFERROR(VLOOKUP(A72,'MEMO CALCULO 04'!$B$2:$E$504,4,0),0) -> 31.49 | M72: =L72*H72 -> 2232.5812 | N72: =L72/G72 -> 0.86534762 | O72: =I72+L72 -> 36.39 | P72: =J72+M72 -> 2579.9819 | Q72: =K72+N72 -> 1
A73: 5.2 | B73: Alvenaria de blocos de concreto estrut. (14x19x39cm) cheios, c/ resist. mín. compr. 15MPa, assentados c/ arg. de cimento e areia no traço 1:4, esp. juntas 10mm e esp. da parede s/ revest. 14cm | C73: m2 | D73: 0 | E73: 0 | G73: =D73+E73-F73 -> 0 | H73: 141.03788 | I73: 0 | J73: =I73*H73 -> 0 | K73: 0 | L73: =IFERROR(VLOOKUP(A73,'MEMO CALCULO 04'!$B$2:$E$504,4,0),0) -> 0 | M73: =L73*H73 -> 0 | N73: 0 | O73: =I73+L73 -> 0 | P73: =J73+M73 -> 0 | Q73: =K73+N73 -> 0
A74: 5.3 | B74: Alvenaria de blocos de concreto estrut. (9x19x39cm) cheios, com resistência mín. compr. 15MPa, assentados c/ arg. de cimento e areia no traço 1:4, esp. juntas 10mm e esp. da parede s/ revest. 9cm | C74: m2 | D74: 0 | E74: 5.252 | G74: =D74+E74-F74 -> 5.252 | H74: 99.226176 | I74: 0 | J74: =I74*H74 -> 0 | K74: =I74/G74 -> 0 | L74: =IFERROR(VLOOKUP(A74,'MEMO CALCULO 04'!$B$2:$E$504,4,0),0) -> 5.252 | M74: =L74*H74 -> 521.13588 | N74: =L74/G74 -> 1 | O74: =I74+L74 -> 5.252 | P74: =J74+M74 -> 521.13588 | Q74: =K74+N74 -> 1
A75: 5.4 | B75: Chapisco de argamassa de cimento e areia média ou grossa lavada, no traço 1:3, espessura 5 mm | C75: m2 | D75: 112.07 | E75: 123.954 | G75: =D75+E75-F75 -> 236.024 | H75: 7.500136 | I75: 9.8 | J75: =I75*H75 -> 73.501333 | K75: =I75/G75 -> 0.041521201 | L75: =IFERROR(VLOOKUP(A75,'MEMO CALCULO 04'!$B$2:$E$504,4,0),0) -> 226.224 | M75: =L75*H75 -> 1696.7108 | N75: =L75/G75 -> 0.9584788 | O75: =I75+L75 -> 236.024 | P75: =J75+M75 -> 1770.2121 | Q75: =K75+N75 -> 1
A76: 5.5 | B76: Emboço de argamassa de cimento, cal hidratada CH1 e areia média ou grossa lavada no traço 1:0.5:6, espessura 20 mm | C76: m2 | D76: 0 | E76: 0 | G76: =D76+E76-F76 -> 0 | H76: 36.51382 | I76: 0 | J76: =I76*H76 -> 0 | K76: 0 | L76: =IFERROR(VLOOKUP(A76,'MEMO CALCULO 04'!$B$2:$E$504,4,0),0) -> 0 | M76: =L76*H76 -> 0 | N76: 0 | O76: =I76+L76 -> 0 | P76: =J76+M76 -> 0 | Q76: =K76+N76 -> 0
A77: 5.6 | B77: Reboco tipo paulista de argamassa de cimento, cal hidratada CH1 e areia lavada traço 1:0.5:6, espessura 25 mm | C77: m2 | D77: 168.73 | E77: 123.954 | G77: =D77+E77-F77 -> 292.684 | H77: 70.285208 | I77: 61.53 | J77: =I77*H77 -> 4324.6488 | K77: =I77/G77 -> 0.21022673 | L77: =IFERROR(VLOOKUP(A77,'MEMO CALCULO 04'!$B$2:$E$504,4,0),0) -> 231.154 | M77: =L77*H77 -> 16246.707 | N77: =L77/G77 -> 0.78977327 | O77: =I77+L77 -> 292.684 | P77: =J77+M77 -> 20571.356 | Q77: =K77+N77 -> 1
A78: 5.7 | B78: Divisória de granito com 3 cm de espessura, assentada com argamassa de cimento e areia no traço 1:3, na cor cinza | C78: m2 | D78: 25.74 | E78: 0 | G78: =D78+E78-F78 -> 25.74 | H78: 556.6202 | I78: 21.24 | J78: =I78*H78 -> 11822.613 | K78: =I78/G78 -> 0.82517483 | L78: =IFERROR(VLOOKUP(A78,'MEMO CALCULO 04'!$B$2:$E$504,4,0),0) -> 0 | M78: =L78*H78 -> 0 | N78: =L78/G78 -> 0 | O78: =I78+L78 -> 21.24 | P78: =J78+M78 -> 11822.613 | Q78: =K78+N78 -> 0.82517483
A79: 5.8 | B79: Verga/contraverga reta de concreto armado 10 x 5 cm, Fck = 15 MPa, inclusive forma, armação e desforma | C79: m | D79: 6 | E79: 0 | G79: =D79+E79-F79 -> 6 | H79: 10.1283 | I79: 0 | J79: =I79*H79 -> 0 | K79: =I79/G79 -> 0 | L79: =IFERROR(VLOOKUP(A79,'MEMO CALCULO 04'!$B$2:$E$504,4,0),0) -> 0 | M79: =L79*H79 -> 0 | N79: =L79/G79 -> 0 | O79: =I79+L79 -> 0 | P79: =J79+M79 -> 0 | Q79: =K79+N79 -> 0
A80: 6. | B80: REVESTIMENTOS DE PAREDES | M80: =SUM(M81:M84) -> 0 | P80: =SUM(P81:P84) -> 25163.392
A81: 6.1 | B81: Roda parede em granito cinza andorinha 7x2cm, com acabamento abaulado nos dois lados | C81: m | D81: 326.22 | E81: 0 | G81: =D81+E81-F81 -> 326.22 | H81: 57.123612 | I81: 326.22 | J81: =I81*H81 -> 18634.865 | K81: =I81/G81 -> 1 | L81: 0 | M81: =L81*H81 -> 0 | N81: =L81/G81 -> 0 | O81: =I81+L81 -> 326.22 | P81: =J81+M81 -> 18634.865 | Q81: =K81+N81 -> 1
A82: 6.2 | B82: Cerâmica 10 x 10 cm, marcas de referência Eliane, Cecrisa ou Portobello, nas cores branco ou areia, com rejunte esp. 0.5 cm, empregando argamassa colante | C82: m2 | D82: 81.59 | E82: 0 | G82: =D82+E82-F82 -> 81.59 | H82: 97.979616 | I82: 62.08 | J82: =I82*H82 -> 6082.5746 | K82: =I82/G82 -> 0.76087756 | L82: =IFERROR(VLOOKUP(A82,'MEMO CALCULO 04'!$B$2:$E$504,4,0),0) -> 0 | M82: =L82*H82 -> 0 | N82: =L82/G82 -> 0 | O82: =I82+L82 -> 62.08 | P82: =J82+M82 -> 6082.5746 | Q82: =K82+N82 -> 0.76087756
A83: 6.3 | B83: Azulejo branco 15 x 15 cm, juntas a prumo, assentado com argamassa de cimento colante, inclusive rejuntamento com cimento branco, marcas de referência Eliane, Cecrisa ou Portobello | C83: m2 | D83: 0.69 | E83: 0 | G83: =D83+E83-F83 -> 0.69 | H83: 99.558592 | I83: 0.69 | J83: =I83*H83 -> 68.695428 | K83: =I83/G83 -> 1 | L83: =IFERROR(VLOOKUP(A83,'MEMO CALCULO 04'!$B$2:$E$504,4,0),0) -> 0 | M83: =L83*H83 -> 0 | N83: =L83/G83 -> 0 | O83: =I83+L83 -> 0.69 | P83: =J83+M83 -> 68.695428 | Q83: =K83+N83 -> 1
A84: 6.4 | B84: Acabamento de alumínio com perfil de canto para arremate das paredes | C84: m | D84: 21.41 | E84: 0 | G84: =D84+E84-F84 -> 21.41 | H84: 20.381256 | I84: 18.51 | J84: =I84*H84 -> 377.25705 | K84: =I84/G84 -> 0.86454928 | L84: =IFERROR(VLOOKUP(A84,'MEMO CALCULO 04'!$B$2:$E$504,4,0),0) -> 0 | M84: =L84*H84 -> 0 | N84: =L84/G84 -> 0 | O84: =I84+L84 -> 18.51 | P84: =J84+M84 -> 377.25705 | Q84: =K84+N84 -> 0.86454928
A85: 7. | B85: PISOS INTERNOS E EXTERNOS | M85: =SUM(M86:M89) -> 0 | P85: =SUM(P86:P89) -> 844.30693
A86: 7.1 | B86: Piso argamassa alta resistência tipo granilite ou equiv de qualidade comprovada, esp de 10mm, com juntas plástica em quadros de 1m, na cor natural, com acabamento polido mecanizado, inclusive regularização e=3.0cm | C86: m2 | D86: 0 | E86: 0 | G86: =D86+E86-F86 -> 0 | H86: 152.74515 | I86: 0 | J86: =I86*H86 -> 0 | K86: 0 | L86: =IFERROR(VLOOKUP(A86,'MEMO CALCULO 04'!$B$2:$E$504,4,0),0) -> 0 | M86: =L86*H86 -> 0 | N86: 0 | O86: =I86+L86 -> 0 | P86: =J86+M86 -> 0 | Q86: =K86+N86 -> 0
A87: 7.2 | B87: Piso argamassa alta resistência tipo granilite ou equiv de qualidade comprovada, esp de 10mm, com juntas plástica em quadros de 1m, na cor natural, com acabamento anti-derrapante mecanizado, inclusive regularização e=3.0cm | C87: m2 | D87: 6.90758 | E87: 0 | G87: =D87+E87-F87 -> 6.90758 | H87: 138.63825 | I87: 6.09 | J87: =I87*H87 -> 844.30693 | K87: =I87/G87 -> 0.88164017 | L87: =IFERROR(VLOOKUP(A87,'MEMO CALCULO 04'!$B$2:$E$504,4,0),0) -> 0 | M87: =L87*H87 -> 0 | N87: =L87/G87 -> 0 | O87: =I87+L87 -> 6.09 | P87: =J87+M87 -> 844.30693 | Q87: =K87+N87 -> 0.88164017
A88: 7.3 | B88: Preparo, regularização e compactação do terreno (compactador manual) para execução de piso de quadra | C88: m2 | D88: 0 | E88: 0 | G88: =D88+E88-F88 -> 0 | H88: 18.12706 | I88: 0 | J88: =I88*H88 -> 0 | K88: 0 | L88: =IFERROR(VLOOKUP(A88,'MEMO CALCULO 04'!$B$2:$E$504,4,0),0) -> 0 | M88: =L88*H88 -> 0 | N88: 0 | O88: =I88+L88 -> 0 | P88: =J88+M88 -> 0 | Q88: =K88+N88 -> 0
A89: 7.4 | B89: Piso quadra poliesp. fck=25MPa, esp.=10 cm, armado c/ tela Q138, concret camada única bombeável c/ brita n. 1, acab. sup. c/ rotoalisador, juntas c/ corte serra diamant. preench. c/ mastique, base 5cm solo brita 30% e resina endur | C89: m2 | D89: 0 | E89: 0 | G89: =D89+E89-F89 -> 0 | H89: 143.21936 | I89: 0 | J89: =I89*H89 -> 0 | K89: 0 | L89: =IFERROR(VLOOKUP(A89,'MEMO CALCULO 04'!$B$2:$E$504,4,0),0) -> 0 | M89: =L89*H89 -> 0 | N89: 0 | O89: =I89+L89 -> 0 | P89: =J89+M89 -> 0 | Q89: =K89+N89 -> 0
A90: 8. | B90: ESQUADRIAS DE MADEIRA | M90: =SUM(M91:M96) -> 0 | P90: =SUM(P91:P96) -> 56860.356
A91: 8.1 | B91: Porta de madeira de lei angelim pedra ou equivalente, esp. 30 a 35 mm, maciça, tipo mexicana, c/ friso p/ verniz, padrão SEDU, com visor 1,00 x 0,15m e vidro 4mm, inclusive alizares, dobradiças e fechadura tipo alavanca em latão cromado LaFonte ou equiv., exclusive marco, dimensões: 0.70 x 2.10 m | C91: und | D91: 4 | E91: 0 | G91: =D91+E91-F91 -> 4 | H91: 1812.4879 | I91: 4 | J91: =I91*H91 -> 7249.9514 | K91: =I91/G91 -> 1 | L91: =IFERROR(VLOOKUP(A91,'MEMO CALCULO 04'!$B$2:$E$504,4,0),0) -> 0 | M91: =L91*H91 -> 0 | N91: =L91/G91 -> 0 | O91: =I91+L91 -> 4 | P91: =J91+M91 -> 7249.9514 | Q91: =K91+N91 -> 1
A92: 8.2 | B92: Porta de madeira de lei angelim pedra ou equivalente, esp. 30 a 35 mm, maciça, tipo mexicana, c/ friso p/ verniz, padrão SEDU, com visor 1,00 x 0,15m e vidro 4mm, inclusive alizares, dobradiças e fechadura tipo alavanca em latão cromado LaFonte ou equiv., exclusive marco, dimensões: 0.80 x 2.10 m | C92: und | D92: 13 | E92: 0 | G92: =D92+E92-F92 -> 13 | H92: 1924.5951 | I92: 13 | J92: =I92*H92 -> 25019.737 | K92: =I92/G92 -> 1 | L92: =IFERROR(VLOOKUP(A92,'MEMO CALCULO 04'!$B$2:$E$504,4,0),0) -> 0 | M92: =L92*H92 -> 0 | N92: =L92/G92 -> 0 | O92: =I92+L92 -> 13 | P92: =J92+M92 -> 25019.737 | Q92: =K92+N92 -> 1
A93: 8.3 | B93: Porta de madeira de lei angelim pedra ou equivalente, esp. 30 a 35 mm, maciça, tipo mexicana, c/ friso p/ verniz, padrão SEDU, com visor 1,00 x 0,15m e vidro 4mm, inclusive alizares, dobradiças e fechadura tipo alavanca em latão cromado LaFonte ou equiv., exclusive marco, dimensões: 0.90 x 2.10 m | C93: und | D93: 7 | E93: 0 | G93: =D93+E93-F93 -> 7 | H93: 2074.2551 | I93: 7 | J93: =I93*H93 -> 14519.785 | K93: =I93/G93 -> 1 | L93: =IFERROR(VLOOKUP(A93,'MEMO CALCULO 04'!$B$2:$E$504,4,0),0) -> 0 | M93: =L93*H93 -> 0 | N93: =L93/G93 -> 0 | O93: =I93+L93 -> 7 | P93: =J93+M93 -> 14519.785 | Q93: =K93+N93 -> 1
A94: 8.4 | B94: Marco em madeira de lei tipo Peroba, Ipê, Angelim Pedra ou equivalente, com 15 x 3cm de batente, nas dimensões: 0,70 x 2,10 m | C94: und | D94: 4 | E94: 0 | G94: =D94+E94-F94 -> 4 | H94: 404.55027 | I94: 4 | J94: =I94*H94 -> 1618.2011 | K94: =I94/G94 -> 1 | L94: =IFERROR(VLOOKUP(A94,'MEMO CALCULO 04'!$B$2:$E$504,4,0),0) -> 0 | M94: =L94*H94 -> 0 | N94: =L94/G94 -> 0 | O94: =I94+L94 -> 4 | P94: =J94+M94 -> 1618.2011 | Q94: =K94+N94 -> 1
A95: 8.5 | B95: Marco em madeira de lei tipo Peroba, Ipê, Angelim Pedra ou equivalente, com 15 x 3cm de batente, nas dimensões: 0,80 x 2,10 m | C95: und | D95: 13 | E95: 0 | G95: =D95+E95-F95 -> 13 | H95: 404.55027 | I95: 13 | J95: =I95*H95 -> 5259.1535 | K95: =I95/G95 -> 1 | L95: =IFERROR(VLOOKUP(A95,'MEMO CALCULO 04'!$B$2:$E$504,4,0),0) -> 0 | M95: =L95*H95 -> 0 | N95: =L95/G95 -> 0 | O95: =I95+L95 -> 13 | P95: =J95+M95 -> 5259.1535 | Q95: =K95+N95 -> 1
A96: 8.6 | B96: Marco em madeira de lei tipo Peroba, Ipê, Angelim Pedra ou equivalente, com 15 x 3cm de batente | C96: m | D96: 36.3 | E96: 0 | G96: =D96+E96-F96 -> 36.3 | H96: 87.975972 | I96: 36.3 | J96: =I96*H96 -> 3193.5278 | K96: =I96/G96 -> 1 | L96: =IFERROR(VLOOKUP(A96,'MEMO CALCULO 04'!$B$2:$E$504,4,0),0) -> 0 | M96: =L96*H96 -> 0 | N96: =L96/G96 -> 0 | O96: =I96+L96 -> 36.3 | P96: =J96+M96 -> 3193.5278 | Q96: =K96+N96 -> 1
A97: 9. | B97: ESQUADRIAS METÁLICAS | M97: =SUM(M98:M102) -> 0 | P97: =SUM(P98:P102) -> 12231.088
A98: 9.1 | B98: Porta de abrir tipo veneziana em alumínio anodizado, linha 25, completa, incl. puxador com tranca, caixilho, alizar e contramarco | C98: m2 | D98: 10.84 | E98: 0 | G98: =D98+E98-F98 -> 10.84 | H98: 1015.0946 | I98: 10.36 | J98: =I98*H98 -> 10516.38 | K98: =I98/G98 -> 0.95571956 | L98: =IFERROR(VLOOKUP(A98,'MEMO CALCULO 04'!$B$2:$E$504,4,0),0) -> 0 | M98: =L98*H98 -> 0 | N98: =L98/G98 -> 0 | O98: =I98+L98 -> 10.36 | P98: =J98+M98 -> 10516.38 | Q98: =K98+N98 -> 0.95571956
A99: 9.2 | B99: Janela de correr para vidro em alumínio anodizado cor natural, linha 25, completa, incl. puxador com tranca, alizar, caixilho e contramarco, exclusive vidro | C99: m2 | D99: 0 | E99: 9.65 | G99: =D99+E99-F99 -> 9.65 | H99: 576.7937 | I99: 0 | J99: =I99*H99 -> 0 | K99: =I99/G99 -> 0 | L99: =IFERROR(VLOOKUP(A99,'MEMO CALCULO 04'!$B$2:$E$504,4,0),0) -> 0 | M99: =L99*H99 -> 0 | N99: =L99/G99 -> 0 | O99: =I99+L99 -> 0 | P99: =J99+M99 -> 0 | Q99: =K99+N99 -> 0
A100: 9.3 | B100: Báscula para vidro em alumínio anodizado cor natural, linha 25, completa, com tranca, caixilho, alizar e contramarco, exclusive vidro | C100: m2 | D100: 2 | E100: 0 | G100: =D100+E100-F100 -> 2 | H100: 825.19156 | I100: 2 | J100: =I100*H100 -> 1650.3831 | K100: =I100/G100 -> 1 | L100: =IFERROR(VLOOKUP(A100,'MEMO CALCULO 04'!$B$2:$E$504,4,0),0) -> 0 | M100: =L100*H100 -> 0 | N100: =L100/G100 -> 0 | O100: =I100+L100 -> 2 | P100: =J100+M100 -> 1650.3831 | Q100: =K100+N100 -> 1
A101: 9.4 | B101: Grade de ferro em barra chata, inclusive chumbamento | C101: m2 | D101: 4.5 | E101: 0 | G101: =D101+E101-F101 -> 4.5 | H101: 382.14336 | I101: 0 | J101: =I101*H101 -> 0 | K101: =I101/G101 -> 0 | L101: =IFERROR(VLOOKUP(A101,'MEMO CALCULO 04'!$B$2:$E$504,4,0),0) -> 0 | M101: =L101*H101 -> 0 | N101: =L101/G101 -> 0 | O101: =I101+L101 -> 0 | P101: =J101+M101 -> 0 | Q101: =K101+N101 -> 0
A102: 9.5 | B102: Recolocação de janela de ferro, tipo abrir. | C102: m2 | D102: 4.56 | E102: 0 | G102: =D102+E102-F102 -> 4.56 | H102: 57.433421 | I102: 1.12 | J102: =I102*H102 -> 64.325431 | K102: =I102/G102 -> 0.24561404 | L102: =IFERROR(VLOOKUP(A102,'MEMO CALCULO 04'!$B$2:$E$504,4,0),0) -> 0 | M102: =L102*H102 -> 0 | N102: =L102/G102 -> 0 | O102: =I102+L102 -> 1.12 | P102: =J102+M102 -> 64.325431 | Q102: =K102+N102 -> 0.24561404
A103: 10. | B103: VIDROS E ESPELHOS | M103: =SUM(M104:M105) -> 0 | P103: =SUM(P104:P105) -> 3013.7302
A104: 10.1 | B104: Espelho para banheiros espessura 4 mm, incluindo chapa compensada 10 mm, moldura de alumínio em perfil L 3/4", fixado com parafusos cromados | C104: m2 | D104: 3.66 | E104: 0 | G104: =D104+E104-F104 -> 3.66 | H104: 713.17775 | I104: 0 | J104: =I104*H104 -> 0 | K104: =I104/G104 -> 0 | L104: =IFERROR(VLOOKUP(A104,'MEMO CALCULO 04'!$B$2:$E$504,4,0),0) -> 0 | M104: =L104*H104 -> 0 | N104: =L104/G104 -> 0 | O104: =I104+L104 -> 0 | P104: =J104+M104 -> 0 | Q104: =K104+N104 -> 0
A105: 10.2 | B105: Vidro plano transparente liso, com 4 mm de espessura | C105: m2 | D105: 16.36 | E105: 10.52 | G105: =D105+E105-F105 -> 26.88 | H105: 195.95125 | I105: 15.38 | J105: =I105*H105 -> 3013.7302 | K105: =I105/G105 -> 0.57217262 | L105: =IFERROR(VLOOKUP(A105,'MEMO CALCULO 04'!$B$2:$E$504,4,0),0) -> 0 | M105: =L105*H105 -> 0 | N105: =L105/G105 -> 0 | O105: =I105+L105 -> 15.38 | P105: =J105+M105 -> 3013.7302 | Q105: =K105+N105 -> 0.57217262
A106: 11. | B106: PINTURA | M106: =SUM(M108:M117) -> 22112.313 | P106: =SUM(P108:P117) -> 71378.411
A107: 11.1 | B107: SOBRE PAREDES
A108: 11.1.1 | B108: Emassamento de paredes e forros, com duas demãos de massa corrida, referência Suvinil, Coral, Metalatex ou equivalente, inclusive uma demão de liquido selador PVA, referência Suvinil, Coral ou Metalatex ou equivalente | C108: m2 | D108: 152.51 | E108: 553.7 | G108: =D108+E108-F108 -> 706.21 | H108: 19.01004 | I108: 138.71 | J108: =I108*H108 -> 2636.8826 | K108: =I108/G108 -> 0.19641466 | L108: =IFERROR(VLOOKUP(A108,'MEMO CALCULO 04'!$B$2:$E$504,4,0),0) -> 567.5 | M108: =L108*H108 -> 10788.198 | N108: =L108/G108 -> 0.80358534 | O108: =I108+L108 -> 706.21 | P108: =J108+M108 -> 13425.08 | Q108: =K108+N108 -> 1
A109: 11.1.2 | B109: Pintura em paredes e forros, aplicação manual, com três demão de tinta látex acrílico premium, referência Coral e Metalatex, inclusive uma demão de liquido selador acrílico, referência Suvinil, Coral ou Metalatex ou equivalente | C109: m2 | D109: 238.85 | E109: 83.525 | G109: =D109+E109-F109 -> 322.375 | H109: 29.076012 | I109: 229.38 | J109: =I109*H109 -> 6669.4556 | K109: =I109/G109 -> 0.7115316 | L109: =IFERROR(VLOOKUP(A109,'MEMO CALCULO 04'!$B$2:$E$504,4,0),0) -> 92.995 | M109: =L109*H109 -> 2703.9237 | N109: =L109/G109 -> 0.2884684 | O109: =I109+L109 -> 322.375 | P109: =J109+M109 -> 9373.3794 | Q109: =K109+N109 -> 1
A110: 11.1.3 | B110: Pintura sobre paredes e forros, aplicação manual, com duas demãos de tinta látex acrílico premium, acabamento fosco, referência Suvinil, Coral e Metalatex, inclusive uma demão de liquido selador acrílico, referência Suvinil, Coral ou Metalatex | C110: m2 | D110: 1138.4 | E110: 0 | G110: =D110+E110-F110 -> 1138.4 | H110: 23.362612 | I110: 1138.4 | J110: =I110*H110 -> 26595.998 | K110: =I110/G110 -> 1 | L110: =IFERROR(VLOOKUP(A110,'MEMO CALCULO 04'!$B$2:$E$504,4,0),0) -> 0 | M110: =L110*H110 -> 0 | N110: =L110/G110 -> 0 | O110: =I110+L110 -> 1138.4 | P110: =J110+M110 -> 26595.998 | Q110: =K110+N110 -> 1
A111: 11.2 | B111: SOBRE MADEIRA
...

Sheet MEMO CALCULO 04
B2: PREFEITURA MUNICIPAL DE SÃO ROQUE DO CANAÃ
B8: MEMÓRIA DE CÁLCULO 4ª MEDIÇÃO
B9: OBRA: REFORMA E AMPLIAÇÃO DA ‘’EMEI SÃO ROQUE’’, NESTE MUNICÍPIO. | D9: DATA: 17/06/2025
B10: LOCAL: RUA LOURENÇO ROLDI, N° 436, BAIRRO SÃO ROQUINHO, SÃO ROQUE DO CANAÃ
B11: ITEM | C11: DESCRIÇÃO | D11: UND | E11: QUANT.
B12: 2 | C12: =VLOOKUP(B12,'MEDIÇÃO 4'!$A$20:$C$302,2,0) -> SERVIÇOS PRELIMINARES
B13: 2.5 | C13: =VLOOKUP($B13,'MEDIÇÃO 4'!$A$20:$C$285,2,0) -> Retirada de revestimento antigo em reboco | D13: =VLOOKUP($B13,'MEDIÇÃO 4'!$A$20:$C$285,3,0) -> m2 | E13: =D14 -> 83.525
B14: muro lateral do vizinho. Total.: (2,68+3,52)*8/2+(3,82+3,52)*2,9/2+(3,82+1,6)*6,2/2+(2,03+1,6)*8/2+(2,16+2,03)*8/2.: 83,53 m² | D14: =(2.68+3.52)*8/2+(3.82+3.52)*2.9/2+(3.82+1.6)*6.2/2+(2.03+1.6)*8/2+(2.16+2.03)*8/2 -> 83.525
B15: 2.17 | C15: =VLOOKUP($B15,'MEDIÇÃO 4'!$A$20:$C$285,2,0) -> Apicoamento de superfície com revestimento em argamassa | D15: =VLOOKUP($B15,'MEDIÇÃO 4'!$A$20:$C$285,3,0) -> m2 | E15: =D16 -> 19.2
B16: Fachada da escolha: Apicoamento para substituição da pintura por pastilha: (9,85 m x (3,07 m – 1,12 m) (pé direito externo – altura do revestimento já previsto) = 19,20 m² | D16: 19.2
B18: 3 | C18: =VLOOKUP(B18,'MEDIÇÃO 4'!$A$20:$C$302,2,0) -> INFRAESTRUTURA
B19: 3.1.1 | C19: =VLOOKUP($B19,'MEDIÇÃO 4'!$A$20:$C$285,2,0) -> Escavação manual em material de 1a. categoria, até 1.50 m de profundidade | D19: =VLOOKUP($B19,'MEDIÇÃO 4'!$A$20:$C$285,3,0) -> m3 | E19: =D20 -> 0.7878
B20: mureta do parquinho. Total.: (8+5,13)*0,3*0,2: 0,79 m³ | D20: =(8+5.13)*0.3*0.2 -> 0.7878
B21: 3.1.2 | C21: =VLOOKUP($B21,'MEDIÇÃO 4'!$A$20:$C$285,2,0) -> Pintura impermeabilizante com igolflex ou equivalente a 3 demãos | D21: =VLOOKUP($B21,'MEDIÇÃO 4'!$A$20:$C$285,3,0) -> m2 | E21: =D22 -> 12.51
B22: Viga da mureta: (14,92 m + 1,73 m + 1,97 m + 5,40 m - 1,10 m) x 0,20 x 2 lados (lado externo e base) + (1,10 m + 1,00 m) x (0,20 m x 3 lados) (lado interno, externo e base no portão e rampa) + (14,92 m + 1,73 m + 1,97 m - 1,10 m) x ((0,75 m - 0,43 m) + 0,20 m) (lado interno do muro frontal) + (5,40 m x (((1,20 + 1,60)/2) - 0,43 m) + 0,20 m) = 25,86 m² – 13,35 m² (6ª medição empresa anterior).: 12,51 m² (saldo utilizado no muro esterno do lado da escada | D22: 12.51
B23: 3.1.3 | C23: =VLOOKUP($B23,'MEDIÇÃO 4'!$A$20:$C$285,2,0) -> Fornecimento, preparo e aplicação de concreto magro com consumo mínimo de cimento de 250 kg/m3 (brita 1 e 2) - (5% de perdas já incluído no custo) | D23: =VLOOKUP($B23,'MEDIÇÃO 4'!$A$20:$C$285,3,0) -> m3 | E23: =SUM(D24:D25) -> 0.22
B24: Sapatas (0,60 m x 0,60 m) ampliação: 0,60 m x 0,60 m x 0,05 m x 10 sapatas = 0,18 m³ – 0,11 m³ (7ª medição empresa anterior).: 0,07 m³ | D24: 0.07
B25: Viga inferior (foi considerado 2,5 cm a mais de cada lado da viga) = 0,20 m + 0,025 m + 0,025 m = 0,25 m: (14,92 m + 1,73 m + 3,22 m + 5,40 m) x 0,25 m x 0,05 m = 0,31 m³ – 0,16 m³ (7ª medição empresa anterior).: 0,15 m³ | D25: 0.15
B26: 3.1.4 | C26: =VLOOKUP($B26,'MEDIÇÃO 4'!$A$20:$C$285,2,0) -> Fôrma de tábua de madeira de 2.5 x 30.0 cm para fundações, levando-se em conta a utilização 5 vezes (incluido o material, corte, montagem, escoramento e desforma) | D26: =VLOOKUP($B26,'MEDIÇÃO 4'!$A$20:$C$285,3,0) -> m2 | E26: =D27 -> 7.88
B27: mureta do parquinho. Total.: 8*2*0,3+5,13*2*0,3.: 7,88m³ | D27: 7.88
B28: 3.1.5 | C28: =VLOOKUP($B28,'MEDIÇÃO 4'!$A$20:$C$285,2,0) -> Fornecimento, preparo e aplicação de concreto Fck=25 MPa (brita 1 e 2) - (5% de perdas já incluído no custo) | D28: =VLOOKUP($B28,'MEDIÇÃO 4'!$A$20:$C$285,3,0) -> m3 | E28: =SUM(D29:D32) -> 2.7278
B29: mureta do parquinho - viga + 1 sapata (1x1x0,4). Total.: (8*0,3*0,2+5,13*0,3*0,2+0,4).: 1,19 m³ | D29: =8*0.3*0.2+5.13*0.3*0.2+0.4 -> 1.1878
B30: Sapatas: 0,60 m x 0,60 m x 0,20 m x 10 sapatas = 0,72 m³ – 0,43 m³.: | D30: =0.72-0.43 -> 0.29 | E30: =SUM(D30:D32) -> 1.54
B31: P1 = P2 = P3 = P4 = P5 = P6 = P7: (0,75 m + 0,20 m + 0,60 m) x 0,20 m x 0,20 m x 7 pilaretes = 0,43 m³ – 0,19 m³ | D31: =0.43-0.19 -> 0.24
B32: Vigas: (14,92 m + 1,53 m + 1,48 m + 5,40 m - 1,10 m) x 0,20 m x 0,20 x 2 vigas = 1,78 m³ – 0,77 m³: | D32: =1.78-0.77 -> 1.01
B33: 3.1.6 | C33: =VLOOKUP($B33,'MEDIÇÃO 4'!$A$20:$C$285,2,0) -> Fornecimento, dobragem e colocação em fôrma, de armadura CA-50 A média, diâmetro de 6.3 a 10.0 mm | D33: =VLOOKUP($B33,'MEDIÇÃO 4'!$A$20:$C$285,3,0) -> kg | E33: =D34 -> 32.40484
B34: mureta do parquinho – viga. Total.: (8+5,13)*4*0,617.: 32,40 kg | D34: =(8+5.13)*4*0.617 -> 32.40484
B35: 3.1.7 | C35: =VLOOKUP($B35,'MEDIÇÃO 4'!$A$20:$C$285,2,0) -> Fornecimento, dobragem e colocação em fôrma, de armadura CA-60 B fina, diâmetro de 4.0 a 7.0mm | D35: =VLOOKUP($B35,'MEDIÇÃO 4'!$A$20:$C$285,3,0) -> kg | E35: =D36 -> 8.014552
B36: mureta do parquinho – viga.: (8+5,13)/0,15*0,84*0,109.: 8,01 kg | D36: =(8+5.13)/0.15*0.84*0.109 -> 8.014552
B38: 4 | C38: =VLOOKUP(B38,'MEDIÇÃO 4'!$A$20:$C$302,2,0) -> SUPERESTRUTURA
B39: 4.1 | C39: =VLOOKUP($B39,'MEDIÇÃO 4'!$A$20:$C$285,2,0) -> Fôrma em chapa de madeira compensada plastificada 12mm para estrutura em geral, 5 reaproveitamentos, reforçada com sarrafos de madeira 2.5x10cm (incl material, corte, montagem, escoras em eucalipto e desforma) | D39: =VLOOKUP($B39,'MEDIÇÃO 4'!$A$20:$C$285,3,0) -> m2 | E39: =SUM(D40:D42) -> 31.36
B40: Viga área coberta inferior + pilares (muro da face da rua (suporte da cinta para apoio dos cobogós)).: 9,20*0,3*2+2,5*(0,2*2+0,3*2)*3.: 13,02 m² | D40: 13.02
B41: Recuperação de Pilares.: Pilares do Muro paralelo ao vizinho: 2,70 + 3,15 + 3,48 + 3,85 + 2,90 + 6 Pilares * 2,25.: 29,58m x 0,30 m | C41: ilares do Muro paralelo ao vizinho: 2,70 + 3,15 + 3,48 + 3,85 + 2,90 + 6 Pilares * 2,25.: 29,58m | D41: 8.87
B42: Forma para a viga sobre o muro: ((7,13 m + 11,80 m + 15,00 m + 5,50 m + 7,92 m) (perímetro) x 0,10 m (altura)) x 2 lados = 9,47 m² | D42: 9.47
B43: 4.2 | C43: =VLOOKUP($B43,'MEDIÇÃO 4'!$A$20:$C$285,2,0) -> Fornecimento, dobragem e colocação em fôrma, de armadura CA-50 A média, diâmetro de 6.3 a 10.0 mm | D43: =VLOOKUP($B43,'MEDIÇÃO 4'!$A$20:$C$285,3,0) -> kg | E43: =D44 -> 46.89
B44: Viga área coberta inferior + pilares. 9,20*5*0,617+2,5*3*4*0,617.: 46,89 kg | D44: 46.89
B45: 4.3 | C45: =VLOOKUP($B45,'MEDIÇÃO 4'!$A$20:$C$285,2,0) -> Fornecimento, dobragem e colocação em fôrma, de armadura CA-60 B fina, diâmetro de 4.0 a 7.0mm | D45: =VLOOKUP($B45,'MEDIÇÃO 4'!$A$20:$C$285,3,0) -> kg | E45: =D46 -> 10.19
B46: Viga área coberta inferior + estribos pilares. Total.: (9,2/0,15)*0,84*0,109+(((2,5*3)/0,15)*0,84*0,109).: 10,19 kg | D46: 10.19
B47: 4.4 | C47: =VLOOKUP($B47,'MEDIÇÃO 4'!$A$20:$C$285,2,0) -> Fornecimento, preparo e aplicação de concreto Fck=25 MPa (brita 1 e 2) - (5% de perdas já incluído no custo) | D47: =VLOOKUP($B47,'MEDIÇÃO 4'!$A$20:$C$285,3,0) -> m3 | E47: 1.89
B48: Viga área coberta inferior + pilares. Total.: 9,15*0,15*0,3+3*2,5*0,2*0,3.: 0,86 m³ | D48: 0.86
B49: Construção da viga de reforço longitudinal da fissura na laje: Conforme Anexo I = 0,32 m³ | D49: 0.32
B50: Viga de Concreto na borda da calçada (m³): 0,14 (largura) * 0,40 (altura) * extensão (13,65).: 0,76m³ | D50: =(0.14*0.4*13.65)-0.05 -> 0.7144
B51: Saldo utilizado para viga do muro ao lado da escada
B53: 5. | C53: =VLOOKUP(B53,'MEDIÇÃO 4'!$A$20:$C$302,2,0) -> PAREDES E PAINÉIS
B54: 5.1 | C54: =VLOOKUP($B54,'MEDIÇÃO 4'!$A$20:$C$285,2,0) -> Alvenaria de blocos cerâmicos 10 furos 10x20x20cm, assentados c/argamassa de cimento, cal hidratada CH1 e areia traço 1:0,5:8, esp. das juntas 12mm e esp. das paredes s/revestimento, 10cm (bloco comprado na fábrica, posto obra) | D54: =VLOOKUP($B54,'MEDIÇÃO 4'!$A$20:$C$285,3,0) -> m2 | E54: =SUM(D55:D56) -> 31.49
B55: Fechamento lateral área coberta inferior. Total.: (4,475+4,475)*3,15.: 28,19 m² | D55: 28.19
B56: Parede sobre o muro onde será assentado o cobogó: 5,45 m (comprimento) x 0,90 m (altura) = 4,90 m ² – 1,60 viga (5,45*0,30).: 3,30 m² | D56: 3.3
B57: 5.3 | C57: =VLOOKUP($B57,'MEDIÇÃO 4'!$A$20:$C$285,2,0) -> Alvenaria de blocos de concreto estrut. (9x19x39cm) cheios, com resistência mín. compr. 15MPa, assentados c/ arg. de cimento e areia no traço 1:4, esp. juntas 10mm e esp. da parede s/ revest. 9cm | D57: =VLOOKUP($B57,'MEDIÇÃO 4'!$A$20:$C$285,3,0) -> m2 | E57: =D58 -> 5.252
B58: Mureta do parquinho. Total.: (8+5,13)*0,4.: 5,25 m² | D58: =(8+5.13)*0.4 -> 5.252
B59: 5.4 | C59: =VLOOKUP($B59,'MEDIÇÃO 4'!$A$20:$C$285,2,0) -> Chapisco de argamassa de cimento e areia média ou grossa lavada, no traço 1:3, espessura 5 mm | D59: =VLOOKUP($B59,'MEDIÇÃO 4'!$A$20:$C$285,3,0) -> m2 | E59: =SUM(D60:D70) -> 226.224
B60: WC Funcionários | D60: 5.11
B61: Despensa | D61: 6.93
B62: A. Serviço | D62: 16.23
B63: Cozinha | D63: 34.7
B64: Depósito de Alimentos | D64: 13.34
B65: Depósito de Vasilhas | D65: 14.25
B66: Viga sobre o muro
B67: Área da viga a ser construída sobre o muro: (7,13 m + 11,80 m + 15,00 m + 5,50 m + 7,92 m) (comprimento) x 0,10 m (altura) x 2 lados = 9,47 m² + sobreposição: 2,24 m². Total.: 11,71 m² | D67: =9.47+2.24 -> 11.71
B68: Fechamento lateral área coberta inferior. Total.: 9,5*3,15.: 29,93 m² | D68: =9.5*3.15 -> 29.925
B69: Mureta do parquinho. Total.: (8+5,13)*0,4*2.: 10,50 m² | D69: =(8+5.13)*0.4*2 -> 10.504
B70: muro lateral do vizinho. Total.: (2,68+3,52)*8/2+(3,82+3,52)*2,9/2+(3,82+1,6)*6,2/2+(2,03+1,6)*8/2+(2,16+2,03)*8/2.: 83,53 m² | D70: =(2.68+3.52)*8/2+(3.82+3.52)*2.9/2+(3.82+1.6)*6.2/2+(2.03+1.6)*8/2+(2.16+2.03)*8/2 -> 83.525
B71: 5.6 | C71: =VLOOKUP($B71,'MEDIÇÃO 4'!$A$20:$C$285,2,0) -> Reboco tipo paulista de argamassa de cimento, cal hidratada CH1 e areia lavada traço 1:0.5:6, espessura 25 mm | D71: =VLOOKUP($B71,'MEDIÇÃO 4'!$A$20:$C$285,3,0) -> m2 | E71: =SUM(D72:D75) -> 231.154
B72: Fechamento lateral área coberta inferior.: Total; 9,5*3,15: 29,93 m² | D72: =9.5*3.15 -> 29.925
B73: Mureta do parquinho.: (8+5,13)*0,4*2.: 10,50 m² | D73: =(8+5.13)*0.4*2 -> 10.504
B74: muro lateral do vizinho. Total.: (2,68+3,52)*8/2+(3,82+3,52)*2,9/2+(3,82+1,6)*6,2/2+(2,03+1,6)*8/2+(2,16+2,03)*8/2.: 83,53 m² | D74: =(2.68+3.52)*8/2+(3.82+3.52)*2.9/2+(3.82+1.6)*6.2/2+(2.03+1.6)*8/2+(2.16+2.03)*8/2 -> 83.525
B75: Demais locais da reforma necessários.: 107,20 m² | D75: 107.2
B77: 6. | C77: =VLOOKUP(B77,'MEDIÇÃO 4'!$A$20:$C$302,2,0) -> REVESTIMENTOS DE PAREDES
B78: 6.1 | C78: =VLOOKUP($B78,'MEDIÇÃO 4'!$A$20:$C$285,2,0) -> Roda parede em granito cinza andorinha 7x2cm, com acabamento abaulado nos dois lados | D78: =VLOOKUP($B78,'MEDIÇÃO 4'!$A$20:$C$285,3,0) -> m | E78: =D79 -> 0
B79: 0,00 (item medido em sua integridade) | D79: 0
B81: 9. | C81: =VLOOKUP(B81,'MEDIÇÃO 4'!$A$20:$C$302,2,0) -> ESQUADRIAS METÁLICAS
B82: 9.4 | C82: =VLOOKUP($B82,'MEDIÇÃO 4'!$A$20:$C$285,2,0) -> Grade de ferro em barra chata, inclusive chumbamento | D82: =VLOOKUP($B82,'MEDIÇÃO 4'!$A$20:$C$285,3,0) -> m2 | E82: =D83 -> 0
B83: Não realizada | D83: 0
B85: 11. | C85: =VLOOKUP(B85,'MEDIÇÃO 4'!$A$20:$C$302,2,0) -> PINTURA
B86: 11.1 | C86: =VLOOKUP(B86,'MEDIÇÃO 4'!$A$20:$C$302,2,0) -> SOBRE PAREDES
B87: 11.1.1 | C87: =VLOOKUP($B87,'MEDIÇÃO 4'!$A$20:$C$285,2,0) -> Emassamento de paredes e forros, com duas demãos de massa corrida, referência Suvinil, Coral, Metalatex ou equivalente, inclusive uma demão de liquido selador PVA, referência Suvinil, Coral ou Metalatex ou equivalente | D87: =VLOOKUP($B87,'MEDIÇÃO 4'!$A$20:$C$285,3,0) -> m2 | E87: =SUM(D88:D122) -> 567.5
B88: Emassamento externo parcial: conforme projeto 13,80 m² | D88: 13.8
B89: EMASSAMENTO DO TETO
B90: WC Funcionários (superior): conforme projeto 4,62 m² | D90: 4.62
B91: Sala Professores: conforme projeto 28,83 m² + ((1,00 m + 1,00 m + 2,00 m) x 0,40 m) (recorte para o ar condicionado) = 30,43 m² | D91: 30.43
B92: Arquivo: conforme projeto 4,68 m² | D92: 4.68
B93: Secretaria: conforme projeto 13,20 m² + ((1,00 m + 1,00 m + 2,00 m) x 0,40 m) (recorte para o ar condicionado) = 14,80 m² | D93: 14.8
B94: Coordenação (sala de atividades 04): conforme projeto 6,58 m² + ((1,00 m + 1,00 m + 2,00 m) x 0,40 m) (recorte para o ar condicionado) = 8,18 m² | D94: 8.18
B95: Depósito (superior) (sala de atividades 04): conforme projeto 3,99 m² | D95: 3.99
B96: Direção (sala de atividades 04): conforme projeto 11,00 m² + ((1,00 m + 1,00 m + 2,00 m) x 0,40 m) (recorte para o ar condicionado) = 12,60 m² | D96: 12.6
B97: Circulação (superior): conforme projeto 14,26 m² | D97: 14.26
B98: Sala 01: conforme projeto 30,00 m² + ((1,00 m + 1,00 m + 2,00 m) x 0,40 m) (recorte para o ar condicionado) = 31,60 m² | D98: 31.6
B99: Sala 02: conforme projeto 30,00 m² + ((1,00 m + 1,00 m + 2,00 m) x 0,40 m) (recorte para o ar condicionado) | D99: 31.6
B100: Sala 03: conforme projeto 30,00 m² + ((1,00 m + 1,00 m + 2,00 m) x 0,40 m) (recorte para o ar condicionado) | D100: 31.6
B101: Sala 05: conforme projeto 45,75 m² + ((1,00 m + 1,00 m + 2,00 m) x 0,40 m) (recorte para o ar condicionado) = 47,35 m² | D101: 47.35
... B118: Sala 07: conforme projeto 26,29 m² + ((1,00 m + 1,00 m + 2,00 m) x 0,40 m) (recorte para o ar condicionado) = 27,89 m² | D118: 27.89
B119: ADITIVO (1º ACRÉSCIMO)
B120: Depósito (inferior): Conforme projeto = 6,94 m² | D120: 6.94
B121: Rampa = 32,83 m² | D121: 32.83
B122: nova parede área coberta externa inferior | D122: =9.5*3.5 -> 33.25
B123: 11.1.2 | C123: =VLOOKUP($B123,'MEDIÇÃO 4'!$A$20:$C$285,2,0) -> Pintura em paredes e forros, aplicação manual, com três demão de tinta látex acrílico premium, referência Coral e Metalatex, inclusive uma demão de liquido selador acrílico, referência Suvinil, Coral ou Metalatex ou equivalente | D123: =VLOOKUP($B123,'MEDIÇÃO 4'!$A$20:$C$285,3,0) -> m2 | E123: =SUM(D124:D125) -> 92.995
B124: muro lateral do vizinho. Total.: (2,68+3,52)*8/2+(3,82+3,52)*2,9/2+(3,82+1,6)*6,2/2+(2,03+1,6)*8/2+(2,16+2,03)*8/2.: 83,53 m² | D124: =(2.68+3.52)*8/2+(3.82+3.52)*2.9/2+(3.82+1.6)*6.2/2+(2.03+1.6)*8/2+(2.16+2.03)*8/2 -> 83.525
B125: Área restante: 9,47 m² | D125: 9.47
B127: 11.2 | C127: =VLOOKUP(B127,'MEDIÇÃO 4'!$A$20:$C$302,2,0) -> SOBRE MADEIRA
B128: 11.2.2 | C128: =VLOOKUP($B128,'MEDIÇÃO 4'!$A$20:$C$285,2,0) -> Pintura de esquadrias e elementos de madeira, aplicação manual, com duas demãos de tinta esmalte sintético referência Suvinil, Coral ou Metalatex, inclusive fundo branco nivelador, referência Suvinil, Coral e Metalatex ou equivalente | D128: =VLOOKUP($B128,'MEDIÇÃO 4'!$A$20:$C$285,3,0) -> m2 | E128: =SUM(D129:D140) -> 55.23
B129: Acabamento para fechamento dos oitões da estrutura da área coberta. 2 Lados externos * 4,04m².: 8,08m²: | D129: 8.08
...
